 Dungeon Crawl Stone Soup version 0.31-a0-214-gb37851dbb3 (webtiles) character file.

Game seed: 6274295027112388074

334 qw the Chopper (level 6, 0/39 HPs)
             Began as a Gargoyle Fighter on July 1, 2023.
             Slain by Sigmund
             ... wielding a +0 scythe
              (2 damage)
             ... on level 4 of the Dungeon.
             The game lasted 00:01:06 (2093 turns).

qw the Chopper (Gargoyle Fighter)                   Turns: 2093, Time: 00:01:06

Health: 0/39       AC: 14    Str: 20 (21) XL:     6   Next: 53%
Magic:  6/6        EV:  7    Int:  9      God:
Gold:   130        SH:  4    Dex:  7 (9)  Spells: 5/5 levels left

rFire   . . .        Y - +3 war axe
rCold   . . .        c - +0 buckler
rNeg    + . .        j - +0 chain mail
rPois   inf          (no helmet)
rElec   +            (no cloak)
rCorr   .            l - +0 pair of gloves
SInv    .            (no boots)
Will    .....        (no amulet) Stlth
                     (no ring)
HPRegen 0.26/turn    (no ring)
MPRegen 0.10/turn

%: no passive effects
@: about to teleport
A: sickness immunity, AC +4, negative energy resistance 1, electricity
resistance, torment resistance 1, petrification resistance
a: no special abilities


You were on level 4 of the Dungeon.
You visited 1 branch of the dungeon, and saw 4 of its levels.

You collected 130 gold pieces.


Innate Abilities, Weirdness & Mutations

You are immune to sickness and miasma.
Your stone body is resilient. (AC +4)
You are immune to poison.
You resist negative energy. (rN+)
You are resistant to electric shocks. (rElec)
You are resistant to unholy torment.
You are immune to petrification.


   Skills:
 - Level 4.4 Fighting
 + Level 5.6 Axes
 - Level 3.2 Armour
 - Level 3.2 Shields


You had 5 spell levels left.
You didn't know any spells.
Your spell library was empty.

Inventory:

Hand Weapons
 k - a +0 club
 Y - a +3 war axe (weapon)
Armour
 c - a +0 buckler (worn)
 j - a +0 chain mail (worn)
 l - a +0 pair of gloves (worn)
Scrolls
 a - a scroll of identify
Potions
 d - 2 potions of might
 f - a potion of haste
 h - a potion of resistance
 m - a potion of curing {unknown}

Dungeon Overview and Level Annotations

Branches:
Dungeon (4/15)
 Temple: D:4-7

Altars:
Gozag

Shops:
D:3 [

Annotations:
D:4 Eustachio, Sigmund


Message History

Eustachio is moderately wounded.
You miss the crimson imp.
The shadow imp disappears in a puff of smoke!
Eustachio barely misses you.
The crimson imp hits you but does no damage.
Something hits you but does no damage.
You barely miss Eustachio.
Eustachio is moderately wounded.
You hit the crimson imp. You miss the crimson imp.
Eustachio mumbles some strange words.
The crimson imp hits you but does no damage.
The crimson imp blinks!
The quasit bites you but does no damage.
The quasit claws you but does no damage. x2
Eustachio gestures wildly while chanting.
Eustachio blinks!
You block something's attack. The crimson imp hits you.
You miss the quasit. You miss the crimson imp. The quasit closely misses you.
You block the quasit's attack. The quasit claws you.
You feel clumsy.
The crimson imp sputters.
You block the crimson imp's attack.
The quasit bites you but does no damage.
The quasit barely misses you. The quasit closely misses you.
You miss the quasit. You miss the crimson imp. Something hits you.
The crimson imp shouts, "Back with thee, thou reeling-ripe sheep-biting buzzard-bait!"
You block the quasit's attack.
The quasit claws you but does no damage. x2
The crimson imp hits you.
The crimson imp hits you but does no damage.
2093 ||| READING scroll of teleportation.
As you read the scroll of teleportation, it crumbles to dust.
You feel strangely unstable. The quasit bites you.
You feel clumsy. The quasit claws you.
The quasit claws you but does no damage.
Something hits you.
You die...

.#.#.. #
.#.... #.
#..... #.
....## #.#
.....# #####..
.{...#
.......##5..#
#...5@...#
#.....##5#...#
#.##.. @.. ...
#.. ...# # #..
..## ..# #.#
... .# ... .#


You could see Eustachio, a quasit (summoned) and 2 crimson imps.

Vanquished Creatures
  Menkaure (D:4)
  A black bear (D:4)
  A jelly (D:4)
  5 adders
  2 worms (D:2)
  A dart slug (D:3)
  2 endoplasms
  A giant cockroach (D:4)
  3 goblins
  3 hobgoblins
  2 jackals (D:4)
  2 quokkas (D:3)
  4 ball pythons
  6 bats
  5 frilled lizards
  5 kobolds
  5 rats
49 creatures vanquished.

Notes
Turn   | Place    | Note
-------+----------+-------------------------------------------
     0 | D:1      | qw the Gargoyle Fighter began the quest for the Orb.
     0 | D:1      | Reached XP level 1. HP: 14/14 MP: 1/1
     0 | D:1      | 0 ||| qw: Version: 0.3-a-32-g5962c71
     0 | D:1      | 0 ||| qw: Game counter: 7498
     0 | D:1      | 0 ||| qw: Melee chars always use a shield: true
     0 | D:1      | 0 ||| qw: God list: Okawaru
     0 | D:1      | 0 ||| qw: Allow faded altars: false
     0 | D:1      | 0 ||| qw: Do Orc after clearing Dungeon:15 true
     0 | D:1      | 0 ||| qw: Do second Lair branch before Depths: true
     0 | D:1      | 0 ||| qw: Lair rune preference: random
     0 | D:1      | 0 ||| qw: Goals: Normal, Zot:1-4, Slime:5, God:TSO, Crypt,
                  | Tomb, Abyss, Pan, Hells, Win
     0 | D:1      | 0 ||| PLANNING D:1-11
   249 | D:1      | Reached skill level 2 in Axes
   590 | D:1      | Found a faded altar of an unknown god.
   596 | D:1      | Reached XP level 2. HP: 19/19 MP: 2/2
   829 | D:1      | 829 ||| READING 3 scrolls labelled TODDIESCHASOA.
   830 | D:1      | 830 ||| READING scroll labelled OROTAXAFANK.
   831 | D:1      | 831 ||| READING scroll labelled POVEANW ZONI.
   832 | D:1      | 832 ||| READING 2 scrolls of identify.
   832 | D:1      | 832 ||| IDENTIFYING puce potion
   888 | D:2      | 888 ||| READING scroll of enchant weapon.
   888 | D:2      | 888 ||| ENCHANTING +1 war axe.
  1002 | D:2      | 1002 ||| Stepping ~*~*~tactically~*~*~ (hiding).
  1004 | D:2      | 1004 ||| Stepping ~*~*~tactically~*~*~ (hiding).
  1013 | D:2      | 1013 ||| FLEEEEING.
  1014 | D:2      | 1014 ||| FLEEEEING.
  1015 | D:2      | 1015 ||| FLEEEEING.
  1016 | D:2      | 1016 ||| FLEEEEING.
  1017 | D:2      | 1017 ||| FLEEEEING.
  1018 | D:2      | 1018 ||| FLEEEEING.
  1022 | D:2      | 1022 ||| FLEEEEING.
  1043 | D:2      | Reached skill level 3 in Axes
  1100 | D:2      | Found an opulent altar of Gozag.
  1172 | D:2      | Reached XP level 3. HP: 23/23 MP: 3/3
  1330 | D:2      | 1330 ||| UPGRADING to +0 chain mail.
  1340 | D:2      | 1340 ||| DROPPING +0 scale mail.
  1341 | D:2      | 1341 ||| READING 2 scrolls labelled GAHAFUTSATOZ.
  1346 | D:2      | 1346 ||| READING scroll labelled TAUCOI UR TUBI.
  1347 | D:2      | 1347 ||| READING scroll labelled DOACUN FADO.
  1448 | D:2      | 1448 ||| READING 2 scrolls of identify.
  1448 | D:2      | 1448 ||| IDENTIFYING fuming cyan potion
  1517 | D:3      | 1517 ||| Stepping ~*~*~tactically~*~*~ (stealth).
  1644 | D:3      | Found Cuoskec's Armour Emporium.
  1651 | D:3      | Reached XP level 4. HP: 28/28 MP: 4/4
  1661 | D:3      | Reached skill level 4 in Axes
  1685 | D:3      | 1685 ||| Stepping ~*~*~tactically~*~*~ (stealth).
  1779 | D:3      | 1779 ||| Stepping ~*~*~tactically~*~*~ (hiding).
  1894 | D:3      | 1894 ||| READING scroll of enchant weapon.
  1894 | D:3      | 1894 ||| ENCHANTING +2 war axe.
  2039 | D:3      | 2039 ||| UPGRADING to +0 pair of gloves.
  2044 | D:3      | 2044 ||| DROPPING +6 ring of intelligence.
  2045 | D:3      | 2045 ||| READING scroll labelled LUROPRA LYWKI.
  2046 | D:3      | 2046 ||| READING scroll labelled XEIMEZ SIUS HUPT.
  2047 | D:3      | 2047 ||| DRINKING 2 grey potions.
  2048 | D:3      | 2048 ||| READING 2 scrolls of identify.
  2048 | D:3      | 2048 ||| IDENTIFYING silvery potion
  2049 | D:3      | 2049 ||| DROPPING potion of brilliance.
  2050 | D:3      | 2050 ||| DROPPING potion of degeneration.
  2067 | D:4      | Noticed Menkaure
  2071 | D:4      | Noticed a black bear
  2071 | D:4      | Noticed Sigmund
  2072 | D:4      | Killed Menkaure
  2073 | D:4      | Reached skill level 5 in Axes
  2073 | D:4      | Reached XP level 5. HP: 32/32 MP: 5/5
  2074 | D:4      | Noticed Eustachio
  2075 | D:4      | Killed a black bear
  2076 | D:4      | Reached XP level 6. HP: 36/39 MP: 6/6
  2092 | D:4      | HP: 7/39 [something (4)]
  2093 | D:4      | 2093 ||| READING scroll of teleportation.
  2093 | D:4      | HP: 3/39 [quasit[Eustachio] (3)]
  2093 | D:4      | Slain by Sigmund

Levels and vault maps discovered:
D:1:      shiori_shiawase, layout_loops_ring,
          hellmonk_ecumenical_altar_slurped_away
D:2:      layout_rooms, basic_altar
D:3:      layout_rooms, serial_shops, shop
D:4:      minmay_polygon_palace, layout_rooms, yredelemnul_altar_generic,
          nicolae_overflow_hidden_temple, uniq_eustachio, uniq_ijyb,
          uniq_sigmund, uniq_menkaure

Skill      XL: |  1  2  3  4  5 |
---------------+----------------+-----
Axes           | 2 3 5 |  5.6
Fighting       | 4 |  4.4
Armour         | |  3.2
Shields        | |  3.2

Action                     |  1- 3 |  4- 6 || total
---------------------------+-------+-------++-------
  Melee: War axe           |    98 |    47 ||   145
    Use: Scroll            |     9 |     5 ||    14
         Potion            |       |     1 ||     1
 Armour: Scale mail        |    25 |       ||    25
         Chain mail        |    18 |    59 ||    77
  Dodge: Dodged            |    41 |    26 ||    67
  Block: Buckler           |    17 |    18 ||    35

Table legend:
 A = Non-vault XP
 B = Vault XP
 C = Vault XP percentage of total XP
 D = Non-vault monster count
 E = Vault monster count
 F = Vault count percentage of total count
                 A         B        C        D         E       F
            +---------+---------+-------+---------+---------+-------
      Total |     304 |     174 |  36.4 |      47 |       2 |   4.1
            +---------+---------+-------+---------+---------+-------
        D:1 |      10 |       2 |  16.7 |       9 |       1 |  10.0
        D:2 |      42 |       0 |   0.0 |      15 |       0 |   0.0
        D:3 |      75 |       0 |   0.0 |      18 |       0 |   0.0
        D:4 |     177 |     172 |  49.3 |       5 |       1 |  16.7
            +---------+---------+-------+---------+---------+-------
